 Dungeon Crawl Stone Soup version 0.19.4-9-g45fd643 (webtiles) character file.

20526 doot the Covert (level 12, -8/89 HPs)
             Began as a Vampire Assassin on Feb 15, 2017.
             Was an Elder of Kikubaaqudgha.
             Killed from afar by a storm dragon (29 damage)
             ... with a bolt of lightning
             ... on level 10 of the Dungeon.
             The game lasted 02:47:08 (27557 turns).

doot the Covert (Vampire Assassin)                 Turns: 27557, Time: 02:47:09

Health: -8/89      AC:  0    Str: 12    XL:     12   Next: 46%
Magic:  4/20       EV: 30    Int: 13    God:    Kikubaaqudgha [****..]
Gold:   767        SH:  4    Dex: 24    Spells: 5 memorised, 4 levels left

rFire  . . .     SeeInvis +     (weapon currently unavailable)
rCold  + + .     Gourm    .     (armour currently unavailable)
rNeg   + + +     Faith    .     (shield currently unavailable)
rPois  ∞         Spirit   .     (helmet currently unavailable)
rElec  .         Reflect  +     (cloak currently unavailable)
rCorr  .         Harm     .     (gloves currently unavailable)
MR     +....                    (boots currently unavailable)
Stlth  ++++++++..               h - +4 amulet of reflection
                                (ring currently unavailable)
                                (ring currently unavailable)

@: bat-form, flying, bloodless, non-regenerating, very quick
A: fangs 3, see invisible, (unbreathing)
a: End Transformation, Receive Corpses, Renounce Religion


You were on level 10 of the Dungeon.
You worshipped Kikubaaqudgha.
Kikubaaqudgha was greatly pleased with you.
You were bloodless.
You were in vampire-bat-form.
You visited 3 branches of the dungeon, and saw 14 of its levels.
You also visited: Ossuary.

You collected 767 gold pieces.

Inventory:

Hand Weapons
 a - a +2 dagger of venom
 b - a +0 blowgun
 o - a +4 quarterstaff of chaos
 y - a +2 short sword of speed (melded)
 B - a +2 dagger
 H - a +1 dagger of chaos
 R - a +1 falchion of flaming
 W - a +0 great sword
 Y - a +2 dagger of flaming
Missiles
 e - 46 poisoned needles
 f - 2 curare-tipped needles
Armour
 m - a +1 helmet (melded)
 p - a +0 cloak (melded)
 D - a +0 pair of boots (melded)
 N - the cursed +1 plate armour of the Butterfly {rPois}
   (You found it on level 8 of the Dungeon)

   It protects you from poison.
   It has a curse placed upon it.
 Q - +0 steam dragon scales (melded)
 X - a +0 chain mail of cold resistance
 Z - a +1 pair of gloves (melded)
Jewellery
 d - an uncursed ring of protection from cold
 h - a +4 amulet of reflection (around neck)
 s - a ring of protection from fire (melded)
 v - an uncursed amulet of faith
 J - a ring of stealth (melded)
 O - an uncursed ring of protection from magic
Wands
 l - a wand of iceblast (5/15)
 E - a wand of acid (9/15)
 P - a wand of flame (14/48)
 S - a wand of digging (9/24)
 T - a wand of paralysis (13/24)
 V - a wand of enslavement (5/24)
Scrolls
 c - a scroll of recharging
 g - 2 scrolls of amnesia
 i - 6 scrolls of teleportation
 j - 2 scrolls of magic mapping
 k - 2 scrolls of fog
 r - 3 scrolls of enchant weapon {unknown}
 t - 3 scrolls of remove curse
 u - 3 scrolls of enchant armour {unknown}
 z - 2 scrolls of immolation {unknown}
 C - a scroll of identify
 G - 2 scrolls of fear {unknown}
 I - a scroll of noise {unknown}
Potions
 n - 4 potions of flight
 A - 4 potions of berserk rage
 K - a potion of cure mutation
 L - a potion of agility
 M - 2 potions of cancellation {unknown}
 U - a potion of magic
Books
 x - Kikubaaqudgha's Disquisition on Black Secrets
   (Kikubaaqudgha gifted it to you on level 3 of the Dungeon)

   Spells                             Type                      Level
   a - Pain                           Necromancy                   1
   b - Corpse Rot                     Necromancy                   2
   c - Sublimation of Blood           Necromancy                   2
   d - Vampiric Draining              Necromancy                   3
   e - Control Undead                 Necromancy                   4
 F - Kikubaaqudgha's Reference Book on Black Magic
   (Kikubaaqudgha gifted it to you on level 6 of the Dungeon)

   Spells                             Type                      Level
   a - Animate Dead                   Necromancy                   4
   b - Agony                          Necromancy                   5
   c - Cigotuvi's Embrace             Necromancy                   5
   d - Dispel Undead                  Necromancy                   5
   e - Simulacrum                     Ice/Necromancy               6


   Skills:
 + Level 6.5 Fighting
 + Level 10.3 Short Blades
 - Level 1.7 Throwing
 + Level 8.3 Dodging
 + Level 14.4 Stealth
 + Level 5.8 Spellcasting
 + Level 5.3 Hexes
 * Level 11.4 Necromancy
 + Level 1.4 Translocations


You had 4 spell levels left.
You knew the following spells:

 Your Spells              Type           Power        Failure   Level  Hunger
a - Control Undead        Necr           ####......   1%          4    ####...
b - Animate Dead          Necr           N/A          1%          4    ####...
c - Agony                 Necr           ####....     6%          5    ######.
d - Confuse               Hex            ###.....     8%          3    ###....
e - Blink                 Tloc           N/A          17%         2    ##.....


Dungeon Overview and Level Annotations

Branches:
Dungeon (12/15)            Temple (0/1) D:4            Lair (1/6) D:8
    Orc (1/2) D:11

Altars:
Ashenzari
Dithmenos
Hepliaklqana
Kikubaaqudgha
Makhleb
Nemelex Xobeh
Ru
Trog
Xom
Beogh

Shops:
D:4 [   D:5 *?=!   D:12 *


Innate Abilities, Weirdness & Mutations

You do not heal naturally.
You are immune to poison.
You have razor-sharp teeth.
You have supernaturally acute eyesight. (SInv)
((You can survive without breathing.))


Message History

The storm dragon is severely wounded.
The storm dragon bites you!
* * * LOW HITPOINT WARNING * * *
The storm dragon claws you but does no damage.
The storm dragon tramples you!
* * * LOW HITPOINT WARNING * * *
You stumble backwards!
You feel better.
You turn into a vampire bat.
Your +2 short sword of speed melds into your body.
Your +0 cloak melds into your body.
Your +1 helmet melds into your body.
Your +1 pair of gloves melds into your body.
Your +0 pair of boots melds into your body.
Your +0 steam dragon scales melds into your body.
Your ring of protection from fire melds into your body.
Your ring of stealth melds into your body.
The storm dragon breathes lightning at you.
The bolt of lightning hits you!
You die...
Kikubaaqudgha rasps: "You have failed me!
Welcome... oblivion!"

.........................#(((..(.
.........................#(......
..)...(.(................#.(..###
........(................#.....#.
........(................#.....#.
.........................#((...#.
........(................#.....#.
.........................#(....#.
................b........#.....##
...............D.........'.....#.
................##########.....#.
................#........#.....#.
................#........#.....#.
..........((....#........#.....#.
................#........########
................#...<....#.......
##.......########........#.......


You could see a storm dragon.

Vanquished Creatures
  A hydra (D:12)
  Sonja (Lair:1)
  An unseen horror (D:11)
  A hill giant (D:12)
  A cyclops (D:11)
  2 manticores
  A gargoyle (D:11)
  2 spiny frogs (Lair:1)
  A two-headed ogre (D:9)
  3 hippogriffs
  2 dream sheep (D:8)
  A wyvern (D:9)
  25 yaks
  A wraith (D:10)
  Grum (D:11)
  3 steam dragons
  11 orc warriors
  3 sky beasts
  5 ice beasts
  A black bear (D:10)
  4 ogres
  3 wolves (D:11)
  15 centaurs
  A crocodile (Lair:1)
  4 big kobolds
  11 bullfrogs
  A wyvern zombie (D:6)
  9 scorpions
  10 killer bees
  3 wights
  2 howler monkeys
  2 electric eels
  10 crimson imps
  3 bullfrog zombies
  A quasit (D:9)
  A centaur zombie (Ossuary)
  9 orc priests
  6 hounds
  8 jellies
  6 bullfrog skeletons
  4 centaur skeletons
  Crazy Yiuf (D:2)
  5 iguanas
  15 orc wizards
  4 worker ants
  A hound zombie (D:5)
  4 hound skeletons
  2 howler monkey zombies
  A worker ant zombie (D:11)
  10 adders
  3 gnolls (D:8)
  3 shadow imps
  2 adder zombies
  3 worms
  3 dart slugs
  10 leopard geckos
  58 orcs
  2 ball pythons
  9 bats
  5 giant cockroaches
  9 goblins
  7 hobgoblins
  6 jackals
  10 quokkas
  2 frilled lizards (D:3)
  7 hobgoblin zombies (Ossuary)
  15 kobolds
  6 kobold zombies (Ossuary)
  A leopard gecko skeleton (D:8)
  9 orc zombies (Ossuary)
  2 quokka zombies (D:5)
  9 rats
  A fungus (D:8)
405 creatures vanquished.

Vanquished Creatures (collateral kills)
  2 hill giants
  Maurice (D:11)
  A gargoyle (D:10)
  A troll (D:11)
  A two-headed ogre (D:10)
  A meliai zombie (D:11)
  5 yaks
  A basilisk (D:12)
  2 orc warriors
  A black bear (D:11)
  A necrophage (D:11)
  A bullfrog (Lair:1)
  4 wights
  An electric eel (D:12)
  A crimson imp (D:11)
  A centaur skeleton (D:11)
  An orc priest (D:12)
  An orc wizard (D:12)
  A worker ant (D:11)
  2 shadow imps
  3 orcs
33 creatures vanquished.

Vanquished Creatures (others)
  An orc (D:11)
  A fungus (D:8)
  2 plants (D:8)
4 creatures vanquished.

Grand Total: 442 creatures vanquished

Notes
Turn   | Place    | Note
-------+----------+-------------------------------------------
     0 | D:1      | doot the Vampire Assassin began the quest for the Orb.
     0 | D:1      | Reached XP level 1. HP: 16/16 MP: 1/1
    57 | D:1      | Reached skill level 6 in Stealth
   178 | D:1      | Reached XP level 2. HP: 15/22 MP: 2/2
   980 | D:2      | Found a bloodstained altar of Trog.
   989 | D:2      | Reached XP level 3. HP: 27/27 MP: 3/3
  1074 | D:2      | Found a runed door.
  1078 | D:2      | Noticed Crazy Yiuf
  1082 | D:2      | Killed Crazy Yiuf
  1082 | D:2      | Reached skill level 7 in Stealth
  1218 | D:2      | Reached XP level 4. HP: 33/33 MP: 4/4
  1386 | D:2      | Found an ancient bone altar of Kikubaaqudgha.
  1395 | D:2      | Became a worshipper of Kikubaaqudgha
  1771 | D:3      | Reached * piety under Kikubaaqudgha
  1771 | D:3      | Identified Kikubaaqudgha's Disquisition on Black Secrets (Kikubaaqudgha gifted it to you on level 3 of the Dungeon)
  1771 | D:3      | Received a gift from Kikubaaqudgha
  1780 | D:3      | Learned a level 1 spell: Pain
  2169 | D:3      | Reached XP level 5. HP: 38/38 MP: 5/5
  2752 | D:4      | Found Wemirph's Antique Armour Shoppe.
  2791 | D:4      | Found a staircase to the Ecumenical Temple.
  2839 | D:4      | Reached skill level 8 in Stealth
  3184 | D:4      | Reached skill level 1 in Necromancy
  3431 | D:5      | Entered Level 5 of the Dungeon
  3437 | D:5      | Reached XP level 6. HP: 45/45 MP: 6/6
  3438 | D:5      | Found Uhedghounk's Jewellery Boutique.
  3503 | D:5      | Found a shadowy altar of Dithmenos.
  3503 | D:5      | Found a hazy altar of Hepliaklqana.
  3527 | D:5      | Found a sacrificial altar of Ru.
  3615 | D:5      | Found Cereihec's Distillery.
  3663 | D:5      | Found a sand-covered staircase.
  3667 | Ossuary  | Entered an ossuary
  3782 | Ossuary  | Reached ** piety under Kikubaaqudgha
  4301 | D:5      | Found Bolu's Magic Scroll Emporium.
  4316 | D:5      | Found Bohac's General Store.
  4486 | D:5      | Reached skill level 5 in Short Blades
  4533 | D:5      | Found a sparkling altar of Nemelex Xobeh.
  4619 | D:5      | Reached XP level 7. HP: 51/51 MP: 7/7
  4770 | D:6      | Reached skill level 9 in Stealth
  5439 | D:6      | Found a burning altar of Makhleb.
  5439 | D:6      | Found a shimmering altar of Xom.
  5689 | D:6      | Reached *** piety under Kikubaaqudgha
  5689 | D:6      | Identified Kikubaaqudgha's Reference Book on Black Magic (Kikubaaqudgha gifted it to you on level 6 of the Dungeon)
  5689 | D:6      | Received a gift from Kikubaaqudgha
  5696 | D:6      | Learned a level 4 spell: Animate Dead
  6088 | D:6      | Reached XP level 8. HP: 58/58 MP: 8/8
  6656 | D:6      | Reached skill level 10 in Stealth
  7446 | D:7      | Reached skill level 5 in Necromancy
  7905 | D:8      | Reached skill level 11 in Stealth
  7905 | D:8      | Reached XP level 9. HP: 64/64 MP: 6/9
  8016 | D:8      | Got a garnet-encrusted plate armour
  8019 | D:8      | Identified the cursed +1 plate armour of the Butterfly {rPois} (You found it on level 8 of the Dungeon)
  8384 | D:8      | Learned a level 4 spell: Control Undead
  8552 | D:8      | Reached **** piety under Kikubaaqudgha
  8640 | D:8      | Reached skill level 1 in Spellcasting
  8666 | D:8      | Reached skill level 5 in Dodging
  8892 | D:8      | Found a staircase to the Lair.
 10372 | D:8      | Noticed a three-headed hydra
 10392 | D:8      | Reached skill level 12 in Stealth
 11196 | D:8      | Reached XP level 10. HP: 62/73 MP: 11/13
 11488 | D:8      | Reached ***** piety under Kikubaaqudgha
 11956 | D:9      | Found a roughly hewn altar of Beogh.
 12865 | D:9      | Reached skill level 5 in Fighting
 13312 | D:9      | Noticed a fire dragon
 13555 | D:9      | Learned a level 5 spell: Agony
 14481 | D:9      | Found a shattered altar of Ashenzari.
 15195 | D:10     | Entered Level 10 of the Dungeon
 15557 | D:10     | Noticed a hill giant
 15570 | D:10     | Killed a hill giant
 15612 | D:10     | Reached skill level 13 in Stealth
 15984 | D:10     | Reached XP level 11. HP: 79/80 MP: 16/16
 16445 | D:10     | Learned a level 3 spell: Confuse
 17164 | D:11     | Found a staircase to the Orcish Mines.
 17190 | D:11     | Noticed Grum
 17219 | D:11     | Noticed Maurice
 17225 | D:11     | Noticed a hill giant
 17369 | D:11     | Reached skill level 1 in Hexes
 17379 | D:11     | Killed a hill giant
 17443 | D:11     | HP: 1/81 [electric eel/bolt of electricity (8)]
 18739 | D:5      | Found a shimmering altar of Xom.
 19501 | D:11     | Found a roughly hewn altar of Beogh.
 19513 | Orc:1    | Entered Level 1 of the Orcish Mines
 19513 | Orc:1    | Found a roughly hewn altar of Beogh.
 19604 | D:11     | Killed Maurice
 20620 | D:11     | Reached ****** piety under Kikubaaqudgha
 21429 | D:11     | Noticed an eight-headed hydra
 21449 | D:11     | Noticed an unseen horror
 21524 | D:11     | Killed Grum
 21554 | D:11     | Noticed a hill giant
 22271 | D:11     | Reached skill level 10 in Short Blades
 22271 | D:11     | Reached skill level 5 in Hexes
 22351 | D:11     | Killed an unseen horror
 22351 | D:11     | Reached skill level 14 in Stealth
 22351 | D:11     | Reached skill level 10 in Necromancy
 23996 | D:9      | Reached XP level 12. HP: 13/89 MP: 19/19
 24350 | Lair:1   | Entered Level 1 of the Lair of Beasts
 24366 | Lair:1   | Noticed a six-headed hydra
 24391 | Lair:1   | Noticed Sonja
 24425 | Lair:1   | Killed Sonja
 24673 | Lair:1   | Reached skill level 5 in Spellcasting
 24722 | Lair:1   | Learned a level 3 spell: Conjure Flame
 24726 | Lair:1   | Learned a level 2 spell: Blink
 24783 | Lair:1   | Noticed a five-headed hydra
 25445 | D:12     | Found Gastrafoa's General Store.
 25525 | D:12     | Reached skill level 1 in Translocations
 25539 | D:12     | Noticed an eight-headed hydra
 25544 | D:12     | Killed an eight-headed hydra
 27540 | D:10     | Noticed a storm dragon
 27557 | D:10     | Killed from afar by a storm dragon

Skill      XL: |  1  2  3  4  5  6  7  8  9 10 11 12 |
---------------+-------------------------------------+-----
Stealth        | 6 7 8 9 11 12 13 14 | 14.4
Fighting       | 2 3 4 5 6 |  6.5
Short Blades   | 3 4 5 6 7 8 9 10 | 10.3
Dodging        | 2 3 4 5 7 8 |  8.3
Necromancy     | 1 2 3 5 6 8 10 11 | 11.4
Spellcasting   | 2 3 4 5 |  5.8
Hexes          | 5 |  5.3
Translocations | 1 |  1.4
Throwing       | |  1.7

Action                   |  1- 3 |  4- 6 |  7- 9 | 10-12 || total
-------------------------+-------+-------+-------+-------++-------
Melee: Dagger            |    66 |   253 |   490 |   873 ||  1682
       Bite              |     4 |    31 |    36 |   163 ||   234
       Unarmed           |       |     7 |       |     3 ||    10
       Short sword       |       |       |       |   183 ||   183
 Fire: Blowgun           |    15 |    13 |    55 |    87 ||   170
 Cast: Pain              |       |     2 |     2 |       ||     4
       Animate Dead      |       |       |     6 |    30 ||    36
       Control Undead    |       |       |       |    16 ||    16
       Agony             |       |       |       |    22 ||    22
       Confuse           |       |       |       |    16 ||    16
Invok: Receive Corpses   |       |       |       |     5 ||     5
 Abil: Bat Form          |       |     4 |    10 |    37 ||    51
       End Transformatio |       |     4 |    10 |    36 ||    50
  Use: Potion            |       |    14 |     9 |    18 ||    41
       Scroll            |       |     4 |     4 |     7 ||    15
 Stab: Sleeping          |    12 |    17 |    19 |    28 ||    76
       Distracted        |       |     2 |     5 |    12 ||    19
       Confused          |       |       |     1 |     2 ||     3
       Petrifying        |       |       |     1 |       ||     1
  Eat: Corpse            |     1 |     4 |    11 |    26 ||    42
Armor: Robe              |    13 |    48 |    54 |    19 ||   134
       Steam dragon scal |       |       |       |   157 ||   157
Dodge: Dodged            |    30 |   126 |   214 |   564 ||   934
Block: Other             |       |       |       |    15 ||    15
       Reflection        |       |       |       |     1 ||     1
